AoeStats
← Caspernikov

Golden Pit

510177709Analyzed
1v1 RM · 3d ago on Sep 29, 2026· 59m 14s· 2 players
Game mode
Random Map
Map size
Tiny (2 player)
Population
200
Speed
Normal
Resources
Standard
Victory
Conquest
Starting age
Dark Age
Ending age
Imperial Age
RankedLock teamsTeams togetherTeam positionsShared explorationLock speedFull tech treeHidden civsTurbo modeCheats
Victory
Defeat
🇸🇻 Varangians · El Salvador
457
+18
🇳🇱 Magyars · Netherlands
495
-18
Baki
1:49 Loom
10:48 Feudal Age
13:26 Horse Collar
13:33 Double-Bit Axe
14:48 Bloodlines
18:53 Fletching
19:04 Padded Archer Armor
20:32 Forging
23:14 Gold Mining
23:17 Stone Mining
27:20 Castle Age
27:03 Wheelbarrow
26:14 Town Watch
28:11 Husbandry
28:51 Bow Saw
29:06 Heavy Plow
35:05 Iron Casting
34:36 Scale Barding Armor
34:28 Bodkin Arrow
34:49 Leather Archer Armor
34:35 Scale Mail Armor
35:03 Ballistics
34:27 Treadmill Crane
38:15 Vendel Legacy
46:04 Stone Shaft Mining
46:15 Fervor
46:34 Heated Shot
46:45 Murder Holes
53:57 Imperial Age
54:03 Gothikon
55:04 Conscription
54:53 Elite Jarl
Caspernikov
8:04 Loom
11:41 Feudal Age
13:02 Horse Collar
17:52 Man-at-Arms
19:01 Fletching
19:11 Double-Bit Axe
22:20 Padded Archer Armor
26:38 Wheelbarrow
26:41 Gold Mining
30:12 Castle Age
29:03 Scale Barding Armor
29:56 Stone Mining
31:11 Bodkin Arrow
31:32 Crossbowman
33:42 Hand Cart
38:59 Gold Shaft Mining
50:25 Imperial Age
48:15 Scale Mail Armor
53:21 Bracer
55:06 Leather Archer Armor
55:47 Chain Mail Armor
Connection lost

Rejoining the realm…

Still unreachable

The connection could not be restored.

Session expired

The server has moved on; the page needs a fresh start.